 Dungeon Crawl Stone Soup version 0.30-a0-883-g5ad918d77d (console) character file.

Game seed: 1738644593182806791

30 Abuh the Grave Robber (level 3, 0/24 HPs)
             Began as a Demonspawn Necromancer on Mar 15, 2023.
             Slain by a kobold
             ... wielding a +0 dagger
              (1 damage)
             ... on level 1 of the Dungeon.
             The game lasted 00:05:30 (1132 turns).

Abuh the Grave Robber (Demonspawn Necromancer)      Turns: 1132, Time: 00:05:31

Health: 0/24       AC:  3    Str:  8    XL:     3   Next: 5%
Magic:  2/6        EV: 12    Int: 18    God:
Gold:   36         SH:  0    Dex: 13    Spells: 6/7 levels left

rFire   . . .      SeeInvis .    h - +0 dagger
rCold   . . .      Faith    .    (no shield)
rNeg    . . .      Spirit   .    a - +0 robe
rPois   .          Reflect  .    (no helmet)
rElec   .          Rampage  .    (no cloak)
rCorr   .                        (no gloves)
Will    .....                    (no boots)
Stlth   ++                       (no amulet)
HPRegen 0.24/turn                (no ring)
MPRegen 0.10/turn                (no ring)

@: no status effects
A: hooves 1, sharp scales 1
a: no special abilities


You were on level 1 of the Dungeon.
You visited 1 branch of the dungeon, and saw 2 of its levels.

You collected 36 gold pieces.

Inventory:

Hand Weapons
 h - a +0 dagger (weapon)
Armour
 a - a +0 robe (worn)
Scrolls
 d - a scroll of enchant armour {unknown}
 g - a scroll of identify {unknown}
Potions
 c - a potion of cancellation {unknown}
 e - a potion of haste {unknown}
 f - a potion of flight {unknown}
 i - a potion of brilliance {unknown}
 j - a potion of mutation {unknown}


   Skills:
 - Level 1.9 Dodging
 - Level 2.0 Stealth
 + Level 2.6 Spellcasting
 + Level 4.9 Necromancy


You had 6 spell levels left.
You knew the following spells:

 Your Spells              Type           Power      Damage    Failure   Level
a - Necrotise             Necr           76%        1d7       2%          1

Your spell library contained the following spells:

 Spells                   Type           Power      Damage    Failure   Level
 Vampiric Draining        Necr           19%        2d7       7%          3
 Animate Dead             Necr           19%        N/A       22%         4
 Agony                    Necr           19%        N/A       54%         5


Dungeon Overview and Level Annotations

Branches:
Dungeon (2/15)

Altars:


Innate Abilities, Weirdness & Mutations

You have large cloven feet.
You are partially covered in razor-sharp scales. (AC +1, Slay +1)


Message History

You hit the worm.
The worm is almost dead.
The kobold hits you but does no damage.
You barely miss the worm.
The worm is almost dead.
The worm misses you. The kobold misses you.
You hit the worm.
The worm is almost dead.
The kobold barely misses you.
You barely miss the worm.
The worm is almost dead.
The worm bites you.
* * * LOW HITPOINT WARNING * * *
The kobold hits you but does no damage. Magic courses through your body.
The kobold closely misses you. The worm bites you.
* * * LOW HITPOINT WARNING * * *
Aiming: Necrotise (safe; 2% risk of failure)
Press: ? - help, Q - select action Shift-Dir - straight line, f - worm
Aim: a worm (almost dead, chance to affect: 81%)
The worm writhes in agony.
You kill the worm!
The kobold hits you with a +0 dagger.
* * * LOW HITPOINT WARNING * * *
You have reached level 3!
Your experience leads to an increase in your attributes!
Increase (S)trength, (I)ntelligence, or (D)exterity?
You feel clever. x2; Your demonic ancestry asserts itself...
Your feet thicken and deform.
Aiming: Necrotise (safe; 2% risk of failure)
Press: ? - help, Q - select action Shift-Dir - straight line, f - kobold
Aim: a kobold, wielding a +0 dagger and quivering stones (chance to affect: 89%)
The kobold barely resists.
The kobold hits you with a +0 dagger.
* * * LOW HITPOINT WARNING * * *
Aiming: Necrotise (safe; 2% risk of failure)
Press: ? - help, Q - select action Shift-Dir - straight line, f/p - kobold
Aim: a kobold, wielding a +0 dagger and quivering stones (chance to affect: 89%)
The kobold writhes in agony.
The kobold hits you with a +0 dagger.
You die...

### ### #.# ############.# #.# #............# #.#
#.##########.# #.# #.# #.# #.# #.# #.# #####'## #.#
#Z# #......# #.# #.# #......# #.# #.# #......# #.# #.#
#......###########.# #.#
##################................#K# #.#
###................'................@.# #.#
##...################..................##########.#
####..#...######## #...)..#.....)###...........#.#
..........#......# #####.##.##)..# #.#########.#.#
).......#.#.#....# #.........# #.....# #.#.#
...########.#....####### ####.#....###.###.# #.#.#
)......................########.#.........##.#####.#.#
#############....#..............#.######..##.........#
#.............#.#####.########.#.......########.###
#.#######.....#.# #....### #.#.......# #.# ####.#
#.....#.########...###.#.......########.# ..##.#
#.....#................#.......'..†)....# ..##.#
#.....#######.######...........########## ..##.#
#)....# #.# ####..####.## ..'..# #.#.### #.# ##..###.#
..##########.#.# #.## ##....##.# ...............# #..#
#..##..#.# ############.#### ##'#######'####.#.##
#...........# ##.........## #....# #...........#
##...#####...#####..# #...........# ##.#.#.###.#.#.##
##.# #...........# ##.##.##.#.##.##.## #.#
#.####'#'##.# ##.###.###.###.###.###.# #.#
#.#.##.####.####.##.#.##.####.##.# #.#
#.#.##...'.........###.........'.#


You could see a kobold.

Vanquished Creatures
  A worm (D:1)
  A dart slug (D:1)
  A bat (D:1)
  2 endoplasms (D:1)
  A giant cockroach (D:1)
  A hobgoblin (D:1)
  2 quokkas (D:1)
  2 ball pythons (D:1)
  2 frilled lizards (D:1)
  2 goblins (D:1)
  5 kobolds (D:1)
  4 rats (D:1)
24 creatures vanquished.

Vanquished Creatures (collateral kills)
  A quokka (D:1)
1 creature vanquished.

Grand Total: 25 creatures vanquished

Notes
Turn   | Place    | Note
-------+----------+-------------------------------------------
     0 | D:1      | Abuh the Demonspawn Necromancer began the quest for the
                  | Orb.
     0 | D:1      | Reached XP level 1. HP: 13/13 MP: 3/3
   250 | D:1      | Gained mutation: You are partially covered in razor-sharp
                  | scales. (AC +1, Slay +1) [demonic ancestry]
   250 | D:1      | Reached XP level 2. HP: 19/19 MP: 1/5
  1131 | D:1      | Gained mutation: You have large cloven feet. [demonic
                  | ancestry]
  1131 | D:1      | Reached XP level 3. HP: 4/24 MP: 4/6
  1131 | D:1      | HP: 1/24 [kobold/+0 dagger (3)]
  1132 | D:1      | Slain by a kobold

Illustrated notes

Levels and vault maps discovered:
D:1:      roderic_octagonal_star, layout_basic
D:2:      layout_basic, hangedman_decor_points

Skill      XL: |  1 |
---------------+----+-----
Stealth        | 2 |  2.0
Dodging        | |  1.9
Spellcasting   | |  2.6
Necromancy     | |  4.9

Action                     || total
---------------------------++-------
  Melee: Unarmed           ||     1
         Dagger            ||     6
   Cast: Necrotise         ||    47
    Use: Potion            ||     1
 Armour: Robe              ||     5
  Dodge: Dodged            ||    12

Table legend: (Time is in decaauts)
 A = Elapsed time spent in this place.
 B = Non-inter-level travel time spent in this place.
 C = Inter-level travel time spent in this place.
 D = Time resting spent in this place.
 E = Time spent auto-exploring this place.
 F = Levels seen in this place.
 G = Mean time per level.
                   A        B        C        D        E       F      G
               +--------+--------+--------+--------+--------+-----+--------+
         Total |   1131 |   1116 |     15 |    282 |    646 |   2 |  565.5 |
       Dungeon |   1131 |   1116 |     15 |    282 |    646 |   2 |  565.5 |
               +--------+--------+--------+--------+--------+-----+--------+

Top non-repeatable levels by time:
     D:1: 1123 daAuts
     D:2: 8 daAuts
